 Dungeon Crawl Stone Soup version 0.32-a0-12-g7fc57aa741 (webtiles) character file.

Game seed: 5188999236204868664

99880 Hellonello the Black Belt (level 16, -9/126 (130) HPs)
             Began as an Octopode Shapeshifter on Jan 14, 2024.
             Was an Initiate of Gozag.
             Mangled by a very large slime creature (34 damage)
             ... on level 15 of the Dungeon.
             The game lasted 01:00:02 (20867 turns).

Hellonello the Black Belt (Octopode Shapeshifter)  Turns: 20867, Time: 01:00:03

HP:   -9/126 (130)  AC: 14    Str: 28    XL:     16   Next: 26%
MP:   16/16         EV: 33    Int: 15    God:    Gozag
Gold: 571           SH:  0    Dex: 26    Spells: 15/15 levels left

rFire   + . .        d - melded +3 quick blade (venom)
rCold   + . .        (shield currently unavailable)
rNeg    . . .        (helmet currently unavailable)
rPois   +            A - amulet of Zude {rElec Regen+ Str+4}
rElec   +            e - +5 ring of evasion
rCorr   .            m - +5 ring of evasion
SInv    .            s - +6 ring of dexterity
Will    +....        C - +6 ring of strength
Stlth   ++           U - ring "Qulimm" {rC+ AC+4 Dex+3 Slay+2}
HPRegen 1.21/turn    V - ring of protection from fire
MPRegen 0.15/turn    (no ring)
                     (no ring)

%: no passive effects
@: snake-form, gold aura, lightly drained
A: constrict, boosted hp, almost no armour, amphibious, 8 rings, large,
(camouflage 1), (gelatinous body 1), (nimble swimmer 1), (tentacles)
a: Begin Untransformation, Renounce Religion, Potion Petition, Call Merchant,
Bribe Branch


You were on level 15 of the Dungeon.
You worshipped Gozag.
Gozag was pleased with you.
You were an enormous serpent.
You visited 3 branches of the dungeon, and saw 21 of its levels.
You visited 1 bazaar.
You also visited: Sewer, Ossuary and Ice Cave.

You collected 6887 gold pieces.
You spent 3131 gold pieces at shops.
You paid 3185 gold pieces to Gozag.

Inventory:

Hand Weapons
 d - a +3 quick blade of venom (melded)
Armour
 r - a +0 tower shield of cold resistance
Jewellery
 e - a +5 ring of evasion (left tentacle)
 m - a +5 ring of evasion (right tentacle)
 q - a ring of protection from cold
 s - a +6 ring of dexterity (on tentacle)
 A - the amulet of Zude (around neck) {rElec Regen+ Str+4}
   (You bought it in a shop on level 10 of the Dungeon)

   [amulet of regeneration]

   Str+4:     It affects your strength (+4).
   rElec:     It insulates you from electricity.
   Regen+:    It increases your rate of health regeneration.
 C - a +6 ring of strength (on tentacle)
 F - a +4 ring of protection
 U - the ring "Qulimm" (on tentacle) {rC+ AC+4 Dex+3 Slay+2}
   (You bought it in a shop on level 3 of the Lair of Beasts)

   [ring of protection]

   AC+4:      It affects your AC (+4).
   Dex+3:     It affects your dexterity (+3).
   Slay+2:    It affects your accuracy & damage with ranged weapons and melee
   (+2).
   rC+:       It protects you from cold.
 V - a ring of protection from fire (on tentacle)
 Y - a ring of protection from cold
Talismans
 b - a beast talisman
 c - a flux talisman
 i - a granite talisman
 H - a blade talisman
 M - a serpent talisman (active)
Wands
 t - a wand of light (25)
 D - a wand of mindburst (17)
 E - a wand of roots (13)
 K - a wand of charming (11)
 O - a wand of flame (1)
Scrolls
 l - 2 scrolls of brand weapon
 n - 4 scrolls of enchant armour
 o - a scroll of silence
 u - a scroll of revelation
 w - 10 scrolls of teleportation
 y - 2 scrolls of fear
 G - a scroll of immolation
 L - 4 scrolls of identify
 N - a scroll of enchant weapon
 P - a scroll of fog
 W - a scroll of blinking
Potions
 a - 4 potions of lignification
 f - 10 potions of curing
 g - 2 potions of resistance
 h - 8 potions of enlightenment
 j - 2 potions of brilliance
 k - 4 potions of haste
 p - 3 potions of might
 v - 4 potions of ambrosia
 x - 2 potions of cancellation
 z - 3 potions of magic
 B - 2 potions of invisibility
 I - 4 potions of heal wounds
 J - a potion of mutation
 Q - 3 potions of berserk rage
 Z - a potion of attraction


   Skills:
 - Level 10.0 Fighting
 - Level 11.3 Short Blades
 - Level 15.0 Dodging
 - Level 16.0 Unarmed Combat
 + Level 12.0 Shapeshifting


You had 15 spell levels left.
You didn't know any spells.
Your spell library contained the following spells:

 Spells                   Type           Power      Damage    Failure   Level
 Magic Dart               Conj           0%         1d3       26%         1
 Sting                    Conj/Alch      0%         1d3       26%         1
 Blink                    Tloc           0%         N/A       38%         2
 Cigotuvi's Dreadful Rot  Necr/Alch/Air  0%         N/A       38%         2
 Ensorcelled Hibernation  Hex/Ice        0%         N/A       38%         2
 Jinxbite                 Hex            0%         N/A       38%         2
 Lesser Beckoning         Tloc           0%         N/A       38%         2
 Mercury Vapours          Alch/Air       0%         N/A       38%         2
 Momentum Strike          Conj/Tloc      0%         3d8       38%         2
 Searing Ray              Conj           0%         2d4       38%         2
 Dazzling Flash           Conj/Hex       0%         N/A       63%         3
 Mephitic Cloud           Conj/Alch/Air  0%         N/A       63%         3
 Tukima's Dance           Hex            0%         N/A       63%         3
 Dimensional Bullseye     Hex/Tloc       0%         N/A       95%         4
 Dispel Undead            Necr           0%         3d6       95%         4
 Fulminant Prism          Conj/Alch      0%         3d5       95%         4
 Iskenderun's Mystic Bla  Conj/Tloc      0%         2d3       95%         4
 Martyr's Knell           Necr/Summ      0%         N/A       95%         4
 Olgreb's Toxic Radiance  Alch           0%         N/A       95%         4
 Passage of Golubria      Tloc           0%         N/A       95%         4
 Vhi's Electric Charge    Tloc/Air       0%         N/A       95%         4
 Arcjolt                  Conj/Air       0%         1d10      100%        5
 Curse of Agony           Necr           0%         N/A       100%        5
 Freezing Cloud           Conj/Ice/Air   0%         6-21      100%        5
 Metabolic Englaciation   Hex/Ice        0%         N/A       100%        5
 Silence                  Hex/Air        0%         N/A       100%        5
 Yara's Violent Unravell  Hex/Alch       0%         3d3       100%        5
 Death Channel            Necr           0%         N/A       100%        6
 Plasma Beam              Fire/Air       0%         2x1d10    100%        6
 Enfeeble                 Hex            0%         N/A       100%        7
 Ozocubu's Refrigeration  Ice            0%         4d7       100%        7


Dungeon Overview and Level Annotations

Branches:
Dungeon (15/15)            Temple (1/1) D:4            Lair (5/5) D:11
  Swamp (0/4) Lair:2       Spider (0/4) Lair:3        Slime (0/5) Lair:5
    Orc (0/2) D:9          Vaults (0/5) D:14         Depths (0/4) D:15
  Sewer (visited)         Ossuary (visited)           IceCv (visited)

Altars:
Ashenzari
Cheibriados
Dithmenos
Elyvilon
Fedhas
Gozag
Hepliaklqana
Kikubaaqudgha
Makhleb
Nemelex Xobeh
Okawaru
Qazlal
Ru
Sif Muna
Trog
Uskayaw
Vehumet
Wu Jian
Xom
Yredelemnul
Zin
The Shining One
Jiyva

Shops:
D:1 *   D:5 !   D:6 *   D:7 *   D:10 =[   D:13 ((   D:14 *   Lair:3 =

Portals:
Trove: D:14 (give 4 scrolls of fear)

Annotations:
D:7 2 transporters
Lair:3 exclusion: 2 oklob plants


Innate Abilities, Weirdness & Mutations

You are an enormous serpent.
You have a powerful constriction melee attack.
Your maximum health is increased.
Your armour is entirely melded.
You are incapable of wielding weapons or throwing items.
You cannot wear most types of armour.
You are amphibious.
You can wear up to eight rings at the same time.
((Your skin changes colour to match your surroundings (Stealth+).))
((Your rubbery body absorbs attacks. (AC +1, EV +1)))
((You are camouflaged when in or above water. (Stealth+)))
((You have tentacles for arms and can constrict up to eight enemies at once.))


Message History

The large slime creature hits you!!
* * * LOW HITPOINT WARNING * * *
Two slime creatures merge to form a very large slime creature.
A slime creature comes into view.
You open the door.
An orc comes into view. It is wielding a +0 club.
An orc knight comes into view.
It is wielding a +1 dire flail of protection.
The orc shouts!
The orc knight shouts!
You hear a shout!
There is an open door here.
An orc warrior comes into view. It is wielding a +0 flail.
Found 2 potions of heal wounds.
The orc warrior shouts!
A warg comes into view.
The orc completely misses you.
You closely miss the orc.
The warg howls!
You grab the orc. You constrict the orc.
You body-slam the orc!!
You kill the orc!
The orc knight roars a battlecry!
The orc warrior goes into a battle-frenzy!
The very large slime creature attacks as it pursues you!
The very large slime creature completely misses you.
The orc knight is distracted by your dazzling golden aura.
The orc knight shouts!
Things that are here:
5 gold pieces; a +0 club You body-slam the orc knight!!
The orc knight is no longer distracted by gold.
You grab the orc knight.
The orc knight is heavily wounded.
You constrict the orc knight, but do no damage.
The very large slime creature misses you.
The orc knight misses you.
You lash the orc knight!
The orc knight is severely wounded.
You constrict the orc knight.
The very large slime creature hits you!!
You die...
Your body crumbles into a pile of gold.

### ******#.# *,,,,,.!#
**** *,****#.# ,,,* *,*
#h# **,* *,* #o# *,*
*,* #o# *,* *,* #S# *,*
*,* #J# *,* *,*
#J#***## *,*
*<*####'##...# **∩*****
***#.........# ,,,*,,,*
#$........#
****,,,*****#......(..#
*,,,,,,+,,,...........#
*,**,,,***###.........#
*****


You could see an orc knight, a very large slime creature, a slime creature, a
warg and an orc warrior (strong).

Vanquished Creatures
  A reaper (IceCv)
  A dire elephant (Lair:1)
  Fannar (Lair:1)
  A rakshasa (D:14)
  2 hydras
  A catoblepas (D:14)
  An ogre mage (D:14)
  A death knight (D:12)
  4 boulder beetles
  A centaur warrior (D:13)
  3 two-headed ogres
  A tengu warrior (D:14)
  A vampire mage (D:15)
  8 death yaks
  Sonja (D:13)
  6 mutant beasts (D:9)
  A deep elf knight (D:14)
  6 skeletal warriors
  5 skysharks
  A necromancer (D:15)
  Pikel (D:5)
  5 deep elf pyromancers
  A deep elf zephyrmancer (D:14)
  5 cyclopes
  23 ugly things
  2 manticores
  23 elephants
  2 ice statues (IceCv)
  4 centaur skeletons (D:14)
  2 torpor snails (Lair:3)
  A gargoyle (D:12)
  9 black mambas
  29 cane toads
  A cane toad (shapeshifter) (D:13)
  7 rime drakes
  Maggie (D:10)
  2 kobold demonologists
  7 ice devils
  14 komodo dragons
  A tengu conjurer (D:14)
  2 freezing wraiths
  5 trolls
  4 polar bears
  A tyrant leech (Lair:5)
  28 blink frogs
  2 dream sheep (D:10)
  A shadow (D:10)
  A spriggan (Lair:2)
  2 jumping spiders (Lair:3)
  8 slime creatures
  2 culicivoras (Lair:3)
  A yak (shapeshifter) (D:13)
  2 wyverns
  54 yaks
  3 steam dragons
  3 wraiths
  4 basilisks
  A death yak simulacrum (IceCv)
  13 vampire mosquitoes
  Menkaure (D:6)
  3 acid dragons
  11 water moccasins
  Duvessa (D:5)
  5 ice beasts
  A sky beast (D:8)
  3 orc warriors
  A black bear (D:8)
  2 laughing skulls (D:14)
  2 ogres (D:14)
  11 wolves
  4 centaurs
  2 phantoms
  A lemure (D:5)
  10 kobold brigands
  2 gnoll sergeants (D:8)
  18 bullfrogs
  4 scorpions
  3 two-headed ogre simulacra (IceCv)
  2 cane toad simulacra (IceCv)
  10 wights
  Dowan (D:5)
  11 killer bees (D:8)
  A howler monkey (D:9)
  5 electric eels
  2 hounds
  2 quasits (D:8)
  A centaur zombie (Ossuary)
  A jelly (D:5)
  2 gnoll boudas
  A human zombie (Ossuary)
  5 orc priests
  Crazy Yiuf (D:3)
  An iguana (D:6)
  2 human skeletons (D:7)
  8 orc wizards
  A hell rat (Lair:3)
  3 polar bear simulacra (IceCv)
  2 spriggan simulacra (IceCv)
  A troll simulacrum (IceCv)
  2 wolf simulacra (IceCv)
  4 hound zombies (Ossuary)
  2 mummies (Ossuary)
  11 adders
  18 gnolls
  3 river rats
  3 naga simulacra (IceCv)
  7 shadow imps
  4 white imps
  5 ufetubi
  10 adder zombies (Ossuary)
  A dart slug (D:1)
  2 ribbon worms (D:4)
  22 orcs
  8 endoplasms
  3 giant cockroaches
  2 gnoll zombies (Ossuary)
  3 goblins
  4 hobgoblins
  10 jackals
  19 kobolds
  5 quokkas
  5 ball pythons
  6 bats
  3 frilled lizards
  6 jackal zombies (Ossuary)
  8 kobold zombies (Ossuary)
  3 orc skeletons (D:7)
  6 orc zombies
  10 rats
667 creatures vanquished.

Vanquished Creatures (others)
  A deep elf pyromancer (D:14)
  A white imp (IceCv)
2 creatures vanquished.

Grand Total: 669 creatures vanquished

Notes
Turn   | Place    | Note
-------+----------+-------------------------------------------
     0 | D:1      | Hellonello the Octopode Shapeshifter began the quest for
                  | the Orb.
     0 | D:1      | Reached XP level 1. HP: 13/13 MP: 1/1
   125 | D:1      | Found a faded altar of an unknown god.
   163 | D:1      | Found Bulo Ziny's Assorted Antiques.
   283 | D:1      | Reached XP level 2. HP: 18/18 MP: 2/2
   663 | D:1      | Reached XP level 3. HP: 23/23 MP: 3/3
   980 | D:2      | Found a shadowy altar of Dithmenos.
  1508 | D:3      | Reached XP level 4. HP: 29/29 MP: 4/4
  1948 | D:3      | Found a runed translucent door.
  1949 | D:3      | Noticed Crazy Yiuf
  1956 | D:3      | Killed Crazy Yiuf
  1957 | D:3      | Reached XP level 5. HP: 35/35 MP: 5/5
  2202 | D:3      | Identified a scroll of acquirement
  2202 | D:3      | Acquired a +2 quick blade of venom
  2238 | D:4      | Found a glowing drain.
  2242 | Sewer    | Entered a sewer
  2305 | Sewer    | Noticed a kobold brigand
  2308 | Sewer    | Noticed a kobold brigand
  2315 | Sewer    | Killed a kobold brigand
  2316 | Sewer    | Reached skill level 1 in Short Blades
  2316 | Sewer    | Reached XP level 6. HP: 26/42 MP: 6/6
  2403 | Sewer    | Found a glowing silver altar of Zin.
  2532 | D:4      | Found a staircase to the Ecumenical Temple.
  2649 | Temple   | Entered the Ecumenical Temple
  2663 | Temple   | Became a worshipper of Gozag Ym Sagoz the Greedy
  2754 | D:4      | Reached XP level 7. HP: 46/46 MP: 7/7
  3350 | D:5      | Entered Level 5 of the Dungeon
  3350 | D:5      | Noticed Pikel
  3368 | D:5      | Killed Pikel
  3369 | D:5      | Reached skill level 5 in Dodging
  3369 | D:5      | Reached skill level 5 in Shapeshifting
  3369 | D:5      | Reached XP level 8. HP: 38/54 MP: 8/8
  3457 | D:5      | Noticed Duvessa
  3458 | D:5      | Noticed Dowan
  3466 | D:5      | Killed Duvessa
  3472 | D:5      | Killed Dowan
  3473 | D:5      | Reached skill level 5 in Fighting
  3566 | D:5      | Found Ycuytz's Distillery.
  3574 | D:5      | Bought a potion of might for 48 gold pieces
  3574 | D:5      | Bought a potion of berserk rage for 60 gold pieces
  4357 | D:6      | Found Luom's General Store.
  4387 | D:6      | Bought a +6 ring of dexterity for 360 gold pieces
  4426 | D:6      | Noticed Menkaure
  4433 | D:6      | Killed Menkaure
  4434 | D:6      | Reached skill level 5 in Short Blades
  4434 | D:6      | Reached XP level 9. HP: 58/61 MP: 9/9
  4838 | D:6      | Found a glowing silver altar of Zin.
  5327 | D:7      | Found a transporter.
  5380 | D:7      | Found a sand-covered staircase.
  5387 | Ossuary  | Entered an ossuary
  5844 | D:7      | Found a transporter.
  6356 | D:7      | Found Xyplyuzu's Assorted Antiques.
  6568 | D:8      | Reached XP level 10. HP: 20/66 MP: 10/10
  8136 | D:9      | Found a staircase to the Orcish Mines.
  8154 | D:9      | Found a stormy altar of Qazlal.
  8155 | D:9      | Found an iron altar of Okawaru.
  8310 | D:9      | Found the +3 hat of Pondering {ponderous, Will+ MP+10
                  | Int+5}
  8397 | D:9      | Noticed a juvenile weirdbat beast
  8413 | D:9      | Killed a juvenile weirdbat beast
  8417 | D:9      | Reached skill level 10 in Dodging
  8459 | D:9      | Noticed a two-headed ogre
  8466 | D:9      | Killed a two-headed ogre
  8467 | D:9      | Reached XP level 11. HP: 71/71 MP: 11/11
  8698 | D:10     | Entered Level 10 of the Dungeon
  8821 | D:10     | Reached skill level 10 in Short Blades
  9312 | D:10     | Noticed Maggie
  9321 | D:10     | Killed Maggie
  9594 | D:10     | Noticed a three-headed hydra
  9601 | D:10     | Killed a three-headed hydra
  9606 | D:10     | Identified the +9 halberd of the Manifold Ghosts {heavy,
                  | rPois rF++ rC+ Str-3}
  9898 | D:11     | Noticed a skeletal warrior
  9898 | D:11     | Noticed a skeletal warrior
  9950 | D:10     | Killed a skeletal warrior
 10158 | D:10     | Killed a skeletal warrior
 10264 | D:11     | Noticed a skeletal warrior
 10267 | D:11     | Noticed a skeletal warrior
 10281 | D:10     | HP: 2/71 [skeletal warrior/+0 mace (27)]
 10285 | D:10     | Killed a skeletal warrior
 10438 | D:11     | Killed a skeletal warrior
 10540 | D:11     | Noticed a manticore
 10546 | D:11     | Killed a manticore
 10547 | D:11     | Reached XP level 12. HP: 65/77 MP: 12/12
 10664 | D:11     | Found a staircase to the Lair.
 11303 | Lair:1   | Entered Level 1 of the Lair of Beasts
 11717 | Lair:1   | Reached skill level 10 in Shapeshifting
 11722 | Lair:1   | Reached skill level 4 in Unarmed Combat
 11786 | D:10     | Bought the amulet of Zude {rElec Regen+ Str+4} for 838 gold
                  | pieces
 11949 | Lair:1   | Reached skill level 5 in Unarmed Combat
 12147 | Lair:1   | Reached skill level 6 in Unarmed Combat
 12230 | Lair:1   | Noticed Fannar
 12241 | Lair:1   | Killed Fannar
 12242 | Lair:1   | Reached skill level 7 in Unarmed Combat
 12460 | Lair:2   | Reached skill level 8 in Unarmed Combat
 12546 | Lair:2   | Reached skill level 9 in Unarmed Combat
 12546 | Lair:2   | Reached XP level 13. HP: 47/81 MP: 13/13
 12636 | D:10     | Bought a serpent talisman for 480 gold pieces
 12698 | Lair:2   | Noticed a dire elephant
 12762 | Lair:1   | Killed a dire elephant
 12845 | Lair:2   | Reached skill level 10 in Unarmed Combat
 13015 | Lair:2   | Reached skill level 11 in Unarmed Combat
 13106 | Lair:2   | Found a staircase to the Swamp.
 13289 | Lair:2   | Reached skill level 12 in Unarmed Combat
 13887 | Lair:2   | Reached skill level 13 in Unarmed Combat
 14345 | Lair:3   | Reached XP level 14. HP: 88/88 MP: 14/14
 14363 | Lair:3   | Reached skill level 14 in Unarmed Combat
 14582 | Lair:3   | HP: 5/105 [death yak (25)]
 14702 | Lair:3   | Reached skill level 15 in Unarmed Combat
 14741 | Lair:3   | Found a hole to the Spider Nest.
 15601 | Lair:4   | Reached skill level 16 in Unarmed Combat
 15710 | Lair:4   | Found an ornate altar of the Wu Jian Council.
 15713 | Lair:4   | Found a hide-covered altar of Uskayaw.
 16109 | Lair:5   | Entered Level 5 of the Lair of Beasts
 16495 | Lair:5   | Found a viscous altar of Jiyva.
 16495 | Lair:5   | Found a staircase to the Slime Pits.
 16568 | Lair:5   | Reached XP level 15. HP: 97/97 MP: 15/15
 17284 | Lair:3   | Bought the ring "Qulimm" {rC+ AC+4 Dex+3 Slay+2} for 970
                  | gold pieces
 17284 | Lair:3   | Bought a ring of protection from fire for 375 gold pieces
 17642 | D:12     | Found a flickering gateway to a bazaar.
 17666 | Bazaar   | Entered a bazaar
 17673 | Bazaar   | Found Dosch's Antique Weapon Shop.
 17701 | Bazaar   | Found Yjookec's Magic Scroll Shop.
 17715 | Bazaar   | Found Salah's Antique Armour Boutique.
 17729 | Bazaar   | Found Uleah's Magic Scroll Shop.
 17758 | Bazaar   | Found Synuz's Assorted Antiques.
 18232 | D:12     | Identified the +3 scale mail "Ynolupre" {rPois}
 18384 | D:13     | Noticed Sonja
 18387 | D:13     | Killed Sonja
 18609 | D:13     | Found Ygroph's Weapon Boutique.
 18677 | D:13     | Found a frozen archway.
 18697 | IceCv    | Entered an ice cave
 19010 | IceCv    | Got the Secrets of Hail
 19398 | D:13     | Found Hetedorr's Antique Weapon Shoppe.
 19526 | D:14     | Reached skill level 10 in Fighting
 19815 | D:14     | Reached skill level 15 in Dodging
 19938 | D:14     | Reached XP level 16. HP: 87/109 MP: 16/16
 20022 | D:14     | Found a gate to the Vaults.
 20173 | D:14     | Found a portal to a secret trove of treasure.
 20425 | D:14     | Found a stormy altar of Qazlal.
 20739 | D:15     | Entered Level 15 of the Dungeon
 20867 | D:15     | Mangled by a very large slime creature

Illustrated notes

Levels and vault maps discovered:
D:1:      zelgadis_glass_arrival_small, layout_basic, serial_shops,
          nicolae_shop_stone, ebering_ecumenical_altar_hall, minivault_19
D:2:      layout_loops_ring, basic_altar, mrwooster_statue_mirror
D:3:      layout_loops_ring, corexii_leaking_fountain, eino_tiny_chamber,
          uniq_crazy_yiuf_cottage
D:4:      layout_basic, minmay_temple_entry_proselytizer, gup_sewer_entry_bowl
D:5:      layout_rooms, serial_shops, shop, minmay_misc_feat_x, minivault_5,
          grunt_decor_one_mirror, serial_bayou_pond_e, uniq_duvessa, uniq_pikel
D:6:      layout_cave_pods, zin_scriptorium, serial_shops, shop,
          minmay_misc_feat_enclosed, uniq_menkaure
D:7:      gammafunk_cloud_chamber, layout_loops_ring, serial_shops,
          kennysheep_mini_moat, nicolae_ossuary_entry_catacombs
D:8:      layout_basic, serial_demonic, serial_demonic_a, serial_demonic_a,
          serial_demonic_a, serial_demonic_c, grunt_ministairs_3
D:9:      layout_loops_cross, nicolae_overflow_two_pavilions,
          hangedman_decor_push, nicolae_beast_mode
D:10:     layout_gridville, hangedman_ranch, uniq_maggie
D:11:     layout_roguey, hellmonk_lair_entry_icy
D:12:     layout_rooms, serial_shops, bzr_entry_gold, minmay_crystal_water,
          minivault_23, minmay_radiant
D:13:     layout_loops_cross, portal_ice_cave_demonic_guard, serial_shops,
          nicolae_square_shop, shop, hex_medium, uniq_sonja
D:14:     layout_irregular_city, hangedman_vaults_entry_quadrant_bands,
          nicolae_trove_entry_crossroad, roderic_lattice_a, grunt_qazlal_clouds
D:15:     gammafunk_depths_entry_grave, layout_basic, gauntlet_entry_generic
Temple:   compressed_dpeg_triangle_lava_temple
Lair:1:   layout_long_grid, dreamdust_gnoll_shepherd, uniq_fannar
Lair:2:   mu_elephants_graveyard, layout_misc_corridors, swamp_mist_pool
Lair:3:   minmay_lair_oklob_chamber, layout_chaotic_city,
          nicolae_spider_entry_tight_spaces, serial_bayou_pond_b,
          serial_bayou_shore_b
Lair:4:   layout_roguey, nzn_masters_of_martial_movement
Lair:5:   minmay_lair_end_frog_pond, layout_hall_layers, slime_entry_1,
          lemuel_fruit_tree, serial_bayou_shore_a

Skill      XL: |  1  2  3  4  5  6  7  8  9 10 11 12 13 14 15 16 |
---------------+-------------------------------------------------+-----
Fighting       | 2 3 4 5 7 10 | 10.0
Dodging        | 3 5 6 7 10 11 12 15 | 15.0
Short Blades   | 1 2 3 5 7 9 11 | 11.3
Shapeshifting  | 4 5 6 7 8 10 12 | 12.0
Unarmed Combat | 9 13 16 | 16.0

Action                     |  1- 3 |  4- 6 |  7- 9 | 10-12 | 13-15 | 16-18 || total
---------------------------+-------+-------+-------+-------+-------+-------++-------
  Melee: Unarmed           |    68 |    25 |       |       |  1052 |   121 ||  1266
         Constrict         |    16 |    22 |    97 |    86 |   224 |    24 ||   469
         Tentacles         |    10 |    23 |    98 |   258 |     2 |       ||   391
         Punch             |     2 |     5 |    17 |    41 |       |       ||    65
         Quick blade       |       |    65 |   384 |   695 |     2 |       ||  1146
  Throw: Throwing net      |       |       |       |     1 |       |       ||     1
 Invoke: Call Merchant     |       |       |       |     2 |     1 |     1 ||     4
Ability: Begin Untransform |       |       |       |       |     1 |       ||     1
  Evoke: Wand              |       |       |       |       |     5 |       ||     5
    Use: Scroll            |     6 |     2 |    10 |     5 |     4 |     5 ||    32
         Potion            |       |       |     2 |     3 |     1 |     1 ||     7
   Stab: Sleeping          |    11 |     6 |     7 |     7 |     7 |     3 ||    41
         Distracted        |       |     1 |       |     3 |    10 |     1 ||    15
         Held in net/web   |       |       |       |     1 |       |       ||     1
         Petrified         |       |       |       |       |     2 |       ||     2
 Armour: Skin              |    20 |    24 |    43 |    87 |   406 |    28 ||   608
  Dodge: Dodged            |    35 |    29 |   185 |   388 |  1025 |    93 ||  1755
   Form: Serpent           |       |       |       |       |     1 |       ||     1

Table legend: (Time is in decaauts)
 A = Elapsed time spent in this place.
 B = Non-inter-level travel time spent in this place.
 C = Inter-level travel time spent in this place.
 D = Time resting spent in this place.
 E = Time spent auto-exploring this place.
 F = Levels seen in this place.
 G = Mean time per level.
                   A        B        C        D        E       F      G
               +--------+--------+--------+--------+--------+-----+--------+
         Total |  20472 |  19570 |    902 |   2447 |  11966 |  25 |  818.9 |
       Dungeon |  13723 |  13144 |    579 |   1827 |   8720 |  15 |  914.9 |
        Temple |     27 |     27 |      0 |      0 |      0 |   1 |   27.0 |
          Lair |   5612 |   5290 |    322 |    470 |   3003 |   5 | 1122.4 |
        Bazaar |    124 |    124 |      0 |      0 |      0 |   1 |  124.0 |
         Sewer |    199 |    199 |      0 |      0 |    130 |   1 |  199.0 |
       Ossuary |    359 |    359 |      0 |    100 |     43 |   1 |  359.0 |
      Ice Cave |    424 |    424 |      0 |     50 |     70 |   1 |  424.0 |
               +--------+--------+--------+--------+--------+-----+--------+

Top non-repeatable levels by time:
    D:10: 1794 daAuts
    D:14: 1217 daAuts
  Lair:3: 1213 daAuts
  Lair:1: 1208 daAuts
     D:8: 1187 daAuts
  Lair:2: 1168 daAuts
    D:11: 1114 daAuts
  Lair:5: 1092 daAuts
     D:9: 1051 daAuts
     D:7: 958 daAuts
     D:6: 957 daAuts
  Lair:4: 928 daAuts
     D:4: 918 daAuts
     D:5: 850 daAuts
     D:1: 850 daAuts
